 Dungeon Sprint DCSS version 0.26-a0-667-g92642533e4 (webtiles) character file.

Game seed: 5641434993677387044

9210 sahdkjhfkaj the Imperceptible (level 11, -5/47 HPs)
             Began as a Spriggan Enchanter on Oct 17, 2020.
             Was the Champion of Dithmenos.
             Slain by an eight-headed hydra (10 damage)
             ... in the Dungeon (Sprint III: "The Ten Rune Challenge").
             The game lasted 00:03:16 (1013 turns).

sahdkjhfkaj the Imperceptible (Spriggan Enchanter)  Turns: 1013, Time: 00:03:17

Health: -5/47      AC:  2    Str:  4    XL:     11   Next: 20%
Magic:  29/29      EV: 18    Int: 17    God:    Dithmenos [******]
Gold:   53         SH:  0    Dex: 20    Spells: 30/36 levels left

rFire    . . .     SeeInvis +   a - +1 dagger
rCold    . . .     Faith    .   (shield restricted)
rNeg     . . .     Spirit   .   b - +0 robe
rPois    .         Reflect  .   (helmet restricted)
rElec    .         Harm     .   (no cloak)
rCorr    .         Rampage  .   (gloves unavailable)
MR       +....     NoTele   +   (boots unavailable)
Stlth    ++++++++++             (no amulet)
HPRegen  0.15/turn              (no ring)
MPRegen  0.21/turn              (no ring)

@: wreathed by umbra, very quick
A: very small, unfitting armour, see invisible, speed 3
a: Shadow Step, Shadow Form, Renounce Religion


You were in the Dungeon.
You worshipped Dithmenos.
Dithmenos was exalted by your worship.
You visited 1 branch You collected 53 gold pieces.

Inventory:

Hand Weapons
 a - a +1 dagger (weapon)
Missiles
 r - 7 curare-tipped darts (quivered)
Armour
 b - a +0 robe (worn)
Scrolls
 c - 4 scrolls of identify
 i - a scroll of blinking
 k - 2 scrolls of holy word {unknown}
 l - 2 scrolls of remove curse
 o - a scroll of magic mapping {unknown}
Potions
 d - 2 potions of curing
 e - a potion of heal wounds
 f - a potion of haste
 g - 2 potions of magic
 h - 2 potions of berserk rage
 j - 3 potions of mutation {unknown}
 m - a potion of degeneration {unknown}
 n - 3 potions of flight
 q - 2 potions of might
Miscellaneous
 p - a phantom mirror


   Skills:
 + Level 12.2 Short Blades
 - Level 3.0 Dodging
 + Level 22.7 Stealth
 + Level 13.3 Spellcasting
 * Level 17.9 Hexes


You had 30 spell levels left.
You knew the following spells:

 Your Spells              Type           Power        Failure   Level
a - Corona                Hex            ######.      0%          1
b - Ensorcelled Hibernat  Hex/Ice        #####.       1%          2
T - Confusing Touch       Hex            ######..     0%          3

Your spell library contained the following spells:

 Spells                   Type           Power        Failure   Level
 Tukima's Dance           Hex            ######..     0%          3
 Dazzling Flash           Conj/Hex       #####.       1%          3
 Metabolic Englaciation   Hex/Ice        #####.....   4%          5
 Yara's Violent Unravell  Hex/Tmut       #####.....   4%          5
 Animate Skeleton         Necr           ##....       6%          1
 Apportation              Tloc           ##....       6%          1
 Summon Small Mammal      Summ           ##..         6%          1
 Gell's Gravitas          Tloc           ##........   19%         3
 Petrify                  Tmut/Erth      ##......     52%         4


Dungeon Overview and Level Annotations

Branches:
Dungeon (1/1)

Altars:
Cheibriados
Dithmenos
Elyvilon
Fedhas
Gozag
Hepliaklqana
Kikubaaqudgha
Makhleb
Nemelex Xobeh
Okawaru
Qazlal
Ru
Sif Muna
Trog
Uskayaw
Vehumet
Wu Jian
Xom
Yredelemnul
Zin
The Shining One
Beogh
Jiyva
Lugonu


Innate Abilities, Weirdness & Mutations

You are very small and have problems with some larger weapons.
You are too small for most types of armour.
You have supernaturally acute eyesight. (SInv)
You cover ground extremely quickly.


Message History

You stick the four-headed hydra like a pincushion!!!!!
You kill the four-headed hydra!
Dithmenos accepts your kill.
You start resting.
Magic restored.
You start resting.
HP restored.
You see here a hydra corpse.
The eight-headed hydra roars!
The eight-headed hydra bites you. The eight-headed hydra bites you!
* * * LOW HITPOINT WARNING * * *
You emit a cloud of dark smoke.
The eight-headed hydra closely misses you. x2
The eight-headed hydra bites you!
* * * LOW HITPOINT WARNING * * *
You emit a cloud of dark smoke.
The eight-headed hydra bites you!
* * * LOW HITPOINT WARNING * * *
The eight-headed hydra completely misses you.
The eight-headed hydra bites you!
You die...

▓▓▓▓▓▓▓▓▓▓▓▓▓▓▓▓▓▓▓▓▓▓▓▓▓▓▓#.#.#.
♣♣≈≈≈........≈≈≈...##.#.#
+♣♣'♣≈≈≈≈≈≈≈≈≈≈≈≈♣♣P.'.#.#.
#†≈♣♣♣♣♣♣♣♣♣♣♣♣♣♣♣♣PP##.#.# #.†♣♣
♣♣♣##'### ###†♣♣♣♣♣♣♣♣♣♣♣♣♣♣♣
#...+ ♣♣♣♣.##..##≈≈≈≈≈≈..# #...#
♣...##.##.#§§≈≈≈...# #).)#
♣♣.##.##.##@§§≈≈°#### #####
♣..#.##..§#D;....°○°
♣♣.##.##.)#≈§.+####
♣♣.##†#####...# ♣.....# .....#
####### +######


You could see an eight-headed hydra and an electric eel (asleep).

Vanquished Creatures
  Dowan (D)
  Snorg (D)
  A hydra (D)
  A centaur warrior (D)
  Urug (D)
  An unseen horror (D)
  A lindwurm (D)
  A deep elf mage (D)
  Duvessa (D)
  2 cane toads (D)
  A komodo dragon (D)
  3 wandering mushrooms (D)
  2 tyrant leeches (D)
  3 redbacks (D)
  A shadow (D)
  A spatial vortex (D)
  A necrophage (D)
  2 centaurs (D)
  An earth elemental (D)
  A water elemental (D)
  A jelly (D)
  Jessica (D)
  A wizard (D)
  A necromancer (D)
  A kobold demonologist (D)
  3 humans (D)
  A phantom (D)
  3 rats (D)
39 creatures vanquished.

Vanquished Creatures (others)
  6 plants (D)
6 creatures vanquished.

Grand Total: 45 creatures vanquished

Notes
Turn   | Place    | Note
-------+----------+-------------------------------------------
     0 | D        | sahdkjhfkaj the Spriggan Enchanter began the quest for the
                  | Orb.
     0 | D        | Reached XP level 1. HP: 9/9 MP: 5/5
     9 | D        | Reached skill level 5 in Stealth
    35 | D        | Reached skill level 6 in Stealth
    46 | D        | Noticed Jessica
    50 | D        | Killed Jessica
    50 | D        | Reached skill level 10 in Stealth
    50 | D        | Reached XP level 2. HP: 13/13 MP: 6/6
    55 | D        | Learned a level 2 spell: Ensorcelled Hibernation
    61 | D        | Reached XP level 3. HP: 16/16 MP: 8/8
    65 | D        | Reached skill level 11 in Stealth
    86 | D        | Learned a level 3 spell: Confusing Touch
    86 | D        | Noticed a water elemental
    89 | D        | Killed a water elemental
    89 | D        | Reached skill level 14 in Stealth
    89 | D        | Reached XP level 4. HP: 21/21 MP: 9/9
    92 | D        | Found a glowing silver altar of Zin.
    93 | D        | Found a glowing golden altar of the Shining One.
    93 | D        | Found a white marble altar of Elyvilon.
    93 | D        | Noticed a deep elf mage
    95 | D        | Killed a deep elf mage
    95 | D        | Reached skill level 17 in Stealth
    95 | D        | Reached skill level 18 in Stealth
    95 | D        | Reached skill level 5 in Spellcasting
    95 | D        | Reached XP level 5. HP: 24/24 MP: 9/13
    95 | D        | Reached XP level 6. HP: 28/28 MP: 9/14
   138 | D        | Found a basalt altar of Yredelemnul.
   138 | D        | Found a shadowy altar of Dithmenos.
   138 | D        | Found a sacrificial altar of Ru.
   140 | D        | Reached XP level 7. HP: 32/32 MP: 14/16
   154 | D        | Became a worshipper of Dithmenos the Shadowed
   166 | D        | Noticed a shadow
   168 | D        | Killed a shadow
   168 | D        | Reached skill level 5 in Short Blades
   200 | D        | Found a blossoming altar of Fedhas.
   200 | D        | Found a stormy altar of Qazlal.
   200 | D        | Found a snail-covered altar of Cheibriados.
   200 | D        | Found a burning altar of Makhleb.
   200 | D        | Found a shimmering altar of Xom.
   200 | D        | Noticed a spatial vortex
   201 | D        | Found a hazy altar of Hepliaklqana.
   201 | D        | Found an opulent altar of Gozag.
   201 | D        | Found a sparkling altar of Nemelex Xobeh.
   201 | D        | Found a corrupted altar of Lugonu.
   201 | D        | Found a viscous altar of Jiyva.
   204 | D        | Killed a spatial vortex
   204 | D        | Reached * piety under Dithmenos
   204 | D        | Reached skill level 19 in Stealth
   224 | D        | Found a radiant altar of Vehumet.
   225 | D        | Found a shimmering blue altar of Sif Muna.
   225 | D        | Found an ancient bone altar of Kikubaaqudgha.
   226 | D        | Reached skill level 10 in Hexes
   239 | D        | Found a hide-covered altar of Uskayaw.
   239 | D        | Found a roughly hewn altar of Beogh.
   239 | D        | Found an iron altar of Okawaru.
   239 | D        | Found a bloodstained altar of Trog.
   239 | D        | Found an ornate altar of the Wu Jian Council.
   239 | D        | Noticed a human
   239 | D        | Noticed a human
   242 | D        | Killed a human
   242 | D        | Reached ** piety under Dithmenos
   242 | D        | Reached XP level 8. HP: 36/36 MP: 18/20
   262 | D        | Noticed Snorg
   264 | D        | Killed Snorg
   264 | D        | Reached skill level 20 in Stealth
   264 | D        | Reached XP level 9. HP: 39/39 MP: 20/23
   293 | D        | Noticed a centaur warrior
   296 | D        | Reached *** piety under Dithmenos
   298 | D        | Killed a centaur warrior
   298 | D        | Reached skill level 10 in Spellcasting
   323 | D        | Noticed an unseen horror
   325 | D        | Killed an unseen horror
   328 | D        | Noticed Dowan
   328 | D        | Noticed Duvessa
   332 | D        | Killed Duvessa
   332 | D        | Reached **** piety under Dithmenos
   332 | D        | Reached skill level 21 in Stealth
   334 | D        | Killed Dowan
   334 | D        | Reached skill level 10 in Short Blades
   334 | D        | Reached skill level 15 in Hexes
   334 | D        | Reached XP level 10. HP: 44/44 MP: 22/26
   386 | D        | Reached ***** piety under Dithmenos
   509 | D        | Noticed a cane toad
   509 | D        | Noticed a cane toad
   515 | D        | Killed a cane toad
   515 | D        | Reached skill level 22 in Stealth
   516 | D        | Killed a cane toad
   676 | D        | Noticed a lindwurm
   679 | D        | Killed a lindwurm
   681 | D        | Reached XP level 11. HP: 47/47 MP: 28/28
   687 | D        | Noticed Urug
   691 | D        | Killed Urug
   691 | D        | Reached ****** piety under Dithmenos
   882 | D        | Noticed an eight-headed hydra
   882 | D        | Noticed a four-headed hydra
   910 | D        | Killed a four-headed hydra
  1013 | D        | Slain by an eight-headed hydra

Illustrated notes

Levels and vault maps discovered:
D:        dungeon_sprint_mu [sprint_mu_entry_cave, sprint_mu_temple_rooms,
          sprint_mu_d1_horrors, sprint_mu_d2_genie, sprint_mu_d3_branching,
          sprint_mu_orc_legion, sprint_mu_elf_gauntlet, sprint_mu_hive_nellie,
          sprint_mu_lair_fedhas, sprint_mu_vaults_butterflies,
          sprint_mu_slime_circle, sprint_mu_swamp_cave, sprint_mu_snake_twists,
          sprint_mu_blade_basic, sprint_mu_crypt_fortress,
          sprint_mu_tomb_spiral, sprint_mu_vestibule_basic,
          sprint_mu_gehenna_hellfire, sprint_mu_dis_giant,
          sprint_mu_tartarus_statrot, sprint_mu_cocytus_islands, sprint_mu_zot1]

Skill      XL: |  1  2  3  4  5  6  7  8  9 10 11 |
---------------+----------------------------------+-----
Stealth        | 10 14 18 19 20 21 22 | 22.7
Short Blades   | 4 6 8 10 11 12 | 12.2
Spellcasting   | 5 7 9 11 12 13 | 13.3
Hexes          | 7 10 12 15 17 | 17.9
Dodging        | |  3.0

Action                   |  1- 3 |  4- 6 |  7- 9 | 10-12 || total
-------------------------+-------+-------+-------+-------++-------
Melee: Dagger            |    11 |     2 |    16 |    21 ||    50
 Cast: Ensorcelled Hiber |       |       |     3 |     9 ||    12
       Confusing Touch   |       |       |       |     1 ||     1
 Stab: Sleeping          |     5 |     2 |    16 |    13 ||    36
       Distracted        |       |       |       |     1 ||     1
       Confused          |       |       |       |     1 ||     1
Armor: Robe              |     1 |       |       |       ||     1
Dodge: Dodged            |     4 |       |     2 |     6 ||    12

Table legend: (Time is in decaauts)
 A = Elapsed time spent in this place.
 B = Non-inter-level travel time spent in this place.
 C = Inter-level travel time spent in this place.
 D = Time resting spent in this place.
 E = Time spent auto-exploring this place.
 F = Levels seen in this place.
 G = Mean time per level.
                   A        B        C        D        E       F      G
               +--------+--------+--------+--------+--------+-----+--------+
         Total |    888 |    878 |     10 |    622 |      0 |   1 |  888.0 |
       Dungeon |    888 |    878 |     10 |    622 |      0 |   1 |  888.0 |
               +--------+--------+--------+--------+--------+-----+--------+

Top non-repeatable levels by time:
       D: 888 daAuts
